Cogmind - Beta 13 @@@ ROGUE MODE // 2024.05.11 @ 16:15:22 Player: GayPredator Result: Destroyed by G-47 Trooper with Particle Gun Performance ------------- Evolutions (0) 0 Regions Visited (4) 800 Robots Destroyed (23) 115 Value Destroyed (609) 609 Prototype IDs (1) 20 Alien Tech Used (0) 0 Bonus (300) 300 TOTAL SCORE: 1844 Bonus ------- Aligned with FarCom 300 Cogmind --------- Core Integrity 0/250 Matter 108/300 Energy 16/100 System Corruption 3% Temperature Cool (9) Movement Walking (90) Location -9/Mines Parts ------- > --- POWER (1) -------- (None) > --- PROPULSION (2) --- Potential Leg Potential Leg > --- UTILITY (2) ------ Heat Sink Medium Storage Unit > --- WEAPON (2) ------- Mining Laser > --- INVENTORY (10) --- Heat Sink Medium Storage Unit Improved Terrain Scanner Field Recycling Unit (0) Peak State ------------ > --- POWER ------------ Ion Engine > --- PROPULSION ------- Potential Leg Potential Leg > --- UTILITY ---------- Heat Sink Medium Storage Unit > --- WEAPON ----------- Spread Laser Rocket Launcher > --- INVENTORY -------- Light Nuclear Core Wheel Wheel Heat Sink Medium Storage Unit Improved Terrain Scanner Propulsion Shielding Field Recycling Unit Spread Laser Mining Laser [Rating: 28] Favorites ----------- Power Ion Engine Engine Ion Engine Power Core Light Nuclear Core Propulsion Light Treads Treads Light Treads Leg Aluminum Leg Utility Medium Storage Unit Device Improved Terrain Scanner Storage Medium Storage Unit Protection Propulsion Shielding Weapon Spread Laser Energy Gun Spread Laser Ballistic Gun Heavy Assault Rifle Launcher Rocket Launcher Special Weapon Mining Laser Build | -11 -10 -10 -10 -9 ------- Run | Yrd Mat Min Exi Min Slots Evolved . | . . . . . Power . | . . . . . Propulsion . | . . . . . Utility . | . . . . . Weapon . | . . . . . Parts Attached 35 | 7 15 6 3 4 Power 5 | 1 2 1 . 1 Engine 3 | 1 1 1 . . Core 2 | . 1 . . 1 Reactor . | . . . . . Propulsion 6 | 2 2 . 2 . Treads 2 | 2 . . . . Leg 4 | . 2 . 2 . Wheel . | . . . . . Hover . | . . . . . Flight . | . . . . . Utility 7 | 2 1 2 1 1 Device 3 | 1 . 1 . 1 Storage 2 | 1 1 . . . Processor . | . . . . . Hackware . | . . . . . Protection 2 | . . 1 1 . Artifact . | . . . . . Weapon 17 | 2 10 3 . 2 Energy Gun 6 | . 3 2 . 1 Energy Cannon . | . . . . . Ballistic Gun 8 | 2 6 . . . Ballistic Cannon . | . . . . . Launcher 1 | . . 1 . . Special Weapon 2 | . 1 . . 1 Impact Weapon . | . . . . . Slashing Weapon . | . . . . . Piercing Weapon . | . . . . . Special Melee Weapon . | . . . . . Unidentified Prototypes 1 | . . . 1 . Parts Lost 9 | . 1 2 . 6 Power 2 | . . . . 2 Propulsion 1 | . 1 . . . Utility 1 | . . . . 1 Weapon 5 | . . 2 . 3 Highest Loss Streak 4 | . 1 2 . 4 To Critical Strikes . | . . . . . Average Slot Usage (%) 98 | . 99 100 100 74 Engine 9 | . 6 14 14 5 Core 3 | . 7 . . 3 Treads 12 | . 26 . . . Leg 14 | . . 28 28 28 Device 10 | . 14 5 9 5 Storage 14 | . 14 14 14 14 Protection 3 | . . 8 4 3 Energy Gun 10 | . 3 23 14 5 Ballistic Gun 10 | . 21 . . . Launcher 4 | . . 3 14 5 Special Weapon 1 | . 2 . . 3 Naked Turns . | . . . . . Heaviest Build 23 | 13 22 23 23 23 Greatest Support 60 | 40 40 20 60 60 Greatest Overweight (x) 1 | . 1 1 1 . Average Overweight (x) . | . . . . . Largest Inventory Capacity 10 | 8 10 10 10 10 Average Capacity 9 | 7 9 10 10 10 Most Carried 10 | 4 10 10 10 8 Average Carried 8 | 3 9 9 9 6 Final Capacity 10 | 8 10 10 10 10 Final Carried 10 | 4 10 10 8 4 Class Distribution -------------------- 100% | Mutant Dominant Class ---------------- Mutant | -10/Materials Mutant | -10/Mines Mutant | -10/Exiles Mutant | -9/Mines Resources | -11 -10 -10 -10 -9 ----------- Run | Yrd Mat Min Exi Min Matter Collected 678 | 307 194 137 . 40 Remotely . | . . . . . Salvage Created 678 | 101 378 140 . 59 Parts 47 | 4 32 9 . 2 Haulers Intercepted . | . . . . . Recyclers Shooed 2 | 2 . . . . Parts Field Recycled . | . . . . . Retrieved Matter . | . . . . . Parts Self-Destructed . | . . . . . Prevented . | . . . . . Kills | -11 -10 -10 -10 -9 ------- Run | Yrd Mat Min Exi Min Combat Hostiles Destroyed 29 | . 11 7 . 11 Guns 18 | . 11 6 . 1 AOE 11 | . . 1 . 10 Classes Destroyed 6 | 2 3 . . 1 Tunneler 1 | 1 . . . . Recycler 1 | 1 . . . . Watcher 2 | . 2 . . . Swarmer 6 | . 3 3 . . Grunt 13 | . 8 4 . 1 Assembled 10 | . . . . 10 Best Kill Streak 10 | 1 3 2 . 10 Combat Bots Only 10 | . 3 2 . 10 Max Kills in Single Turn 4 | 1 1 1 . 4 Gunslinging . | . . . . . Exploded 4 | . . 1 . 4 Melee . | . . . . . Uniques/NPCs Destroyed . | . . . . . Combat | -11 -10 -10 -10 -9 -------- Run | Yrd Mat Min Exi Min Hostile Shots Fired 173 | . 85 27 . 61 Missed 49 | . 22 9 . 18 Damage Taken 1632 | . 695 280 . 657 Core 258 | . 96 61 . 101 Absorbed by Shields . | . . . . . Redirected to Shielding 50 | . . 14 . 36 Core Remaining (%) 100 | 100 . . . . Volleys Fired 84 | 8 48 16 . 12 Largest 2 | 2 2 2 . 1 Hottest 130 | 40 130 130 . 100 Shots Fired 150 | 16 95 27 . 12 Gun 136 | 16 94 24 . 2 Cannon . | . . . . . Launcher 7 | . . 3 . 4 Special 7 | . 1 . . 6 Kinetic 96 | 16 77 3 . . Thermal 47 | . 18 21 . 8 Explosive 7 | . . 3 . 4 Electromagnetic . | . . . . . Robot Hit Streak 11 | 8 11 5 . 5 Robot Miss Streak 6 | 2 6 5 . 4 Penetration Max . | . . . . . Secondary Targets 2 | . 1 1 . . Max Gunslinging Chain 1 | . 1 1 . . Shots Hit Robots 104 | 13 61 23 . 7 Core Hits 96 | 3 30 29 . 34 Critical Kills . | . . . . . Critical Parts Destroyed . | . . . . . Critical Strikes . | . . . . . Melee Attacks . | . . . . . Impact . | . . . . . Slashing . | . . . . . Piercing . | . . . . . Sneak Attacks . | . . . . . Combat Hostiles . | . . . . . Follow-up Attacks . | . . . . . Damage Inflicted 2293 | 157 874 385 . 877 Guns 1368 | 157 874 303 . 34 Cannons . | . . . . . Explosions 877 | . . 82 . 795 Melee . | . . . . . Ramming . | . . . . . Kinetic 919 | 157 733 29 . . Thermal 497 | . 141 274 . 82 Explosive 877 | . . 82 . 795 Electromagnetic . | . . . . . Impact . | . . . . . Slashing . | . . . . . Piercing . | . . . . . Highest Corruption 3 | . . . . 3 Average Corruption 3 | . . . . 3 Corruption Purged . | . . . . . Corruption Blocked . | . . . . . Overload Shots . | . . . . . Overflow Damage . | . . . . . Projectiles . | . . . . . Explosions . | . . . . . Melee . | . . . . . Knockbacks . | . . . . . Impact . | . . . . . Kinetic . | . . . . . Secondary . | . . . . . Self-Inflicted Damage 89 | . 23 48 . 18 Shots 3 | . 1 1 . 1 Rammed . | . . . . . Targets Rammed . | . . . . . Kicked . | . . . . . Crushed . | . . . . . Highest Temperature 414 | . 414 355 . 43 Average Temperature 95 | . 84 147 . 21 Received Heat Transfer 697 | . 318 126 . 253 Siege Activations . | . . . . . Robots Corrupted . | . . . . . Combat Hostiles . | . . . . . Parts Fried . | . . . . . Impact Corruptions . | . . . . . Robots Melted . | . . . . . Combat Hostiles . | . . . . . Parts Melted . | . . . . . Heat Transferred 650 | . 170 340 . 140 Parts Sabotaged . | . . . . . Parts Stolen . | . . . . . Parts Stripped . | . . . . . Power Chain Reactions . | . . . . . Alert | -11 -10 -10 -10 -9 ------- Run | Yrd Mat Min Exi Min Peak Influence 329 | 10 219 329 . 58 Initial 85 | . 6 85 . . Average 93 | 3 80 175 . 28 Maximum Alert Level 1 | . 1 1 . . Low Security (%) 89 | 100 94 71 . 100 Level 1 10 | . 5 28 . . Level 2 . | . . . . . Level 3 . | . . . . . Level 4 . | . . . . . Level 5 . | . . . . . High Security . | . . . . . Max Security . | . . . . . Squads Dispatched 3 | . 3 . . . Investigation 2 | . 2 . . . Extermination . | . . . . . Reinforcement 1 | . 1 . . . Assault . | . . . . . Garrison . | . . . . . Intercept . | . . . . . Searches Triggered . | . . . . . Construction Impeded . | . . . . . Haulers Reinforced . | . . . . . Active Scanning Responses . | . . . . . Cargo Convoy Interrupts . | . . . . . Stealth | -11 -10 -10 -10 -9 --------- Run | Yrd Mat Min Exi Min Distress Signals 1 | . 1 . . . Communications Jammed . | . . . . . Distress Signals . | . . . . . Times Spotted 47 | . 17 8 . 22 Peak Tracking Total 14 | . 4 4 . 14 Tactical Retreats 4 | . . 2 . 2 Traps | -11 -10 -10 -10 -9 ------- Run | Yrd Mat Min Exi Min Traps Triggered 1 | . 1 . . . Indirectly . | . . . . . Trap Hack Attempts . | . . . . . Triggered . | . . . . . Disarmed . | . . . . . Reprogrammed . | . . . . . Reused . | . . . . . Traps Extracted . | . . . . . Installed . | . . . . . Triggered . | . . . . . Machines | -11 -10 -10 -10 -9 ---------- Run | Yrd Mat Min Exi Min Machines Disabled 1 | . 1 . . . Max in Single Turn 1 | . 1 . . . Machines Repaired . | . . . . . Machines Dismantled . | . . . . . Machines Sabotaged . | . . . . . Overloaded Fab Kills . | . . . . . Hacking | -11 -10 -10 -10 -9 --------- Run | Yrd Mat Min Exi Min Machines Accessed 7 | . 6 . 1 . Terminals 5 | . 5 . . . Fabricators . | . . . . . Repair Stations . | . . . . . Recycling Units 1 | . 1 . . . Scanalyzers . | . . . . . Garrison Access . | . . . . . Total Hacks 24 | . 23 . 1 . Successful 13 | . 12 . 1 . Failed 11 | . 11 . . . Catastrophic 3 | . 3 . . . Database Lockouts . | . . . . . Manual 15 | . 14 . 1 . Terminals 22 | . 22 . . . Fabricators . | . . . . . Repair Stations . | . . . . . Recycling Units 1 | . 1 . . . Scanalyzers . | . . . . . Garrison Access . | . . . . . Terminal Hacks 6 | . 5 . 1 . Record 1 | . . . 1 . Part Schematic 1 | . 1 . . . Emergency Access Points 1 | . 1 . . . Zone Layout 3 | . 3 . . . Fabricator Hacks . | . . . . . Repair Station Hacks . | . . . . . Recycling Unit Hacks 1 | . 1 . . . Report Inventory 1 | . 1 . . . Scanalyzer . | . . . . . Garrison Access Hacks . | . . . . . Unauthorized Hacks 6 | . 6 . . . Terminals 6 | . 6 . . . Assimilate 2 | . 2 . . . Botnet 4 | . 4 . . . Fabricators . | . . . . . Repair Stations . | . . . . . Recycling Units . | . . . . . Scanalyzers . | . . . . . Garrison Access . | . . . . . Data Cores Recovered . | . . . . . Used . | . . . . . Hacking Detections 5 | . 5 . . . Full Trace Events 2 | . 2 . . . Feedback Events . | . . . . . Feedback Blocked . | . . . . . Robot Schematics Acquired . | . . . . . Robots Built . | . . . . . Authchips . | . . . . . Time . | . . . . . Total Robot Build Rating . | . . . . . Part Schematics Acquired 1 | . 1 . . . Parts Built . | . . . . . Authchips . | . . . . . Time . | . . . . . Total Part Build Rating . | . . . . . Parts Repaired . | . . . . . Time . | . . . . . Parts Recycled . | . . . . . Recycled Matter . | . . . . . Retrieved Matter . | . . . . . Retrieved Components . | . . . . . Parts Scanalyzed . | . . . . . Part Schematics Acquired . | . . . . . Parts Damaged . | . . . . . Bothacking | -11 -10 -10 -10 -9 ------------ Run | Yrd Mat Min Exi Min Used RIF Installer . | . . . . . Robots Hacked . | . . . . . Non-combat . | . . . . . Combat . | . . . . . Robot Hacks Applied . | . . . . . Relay Couplers Released . | . . . . . Fabnet Peak Effective % . | . . . . . Robots Rewired . | . . . . . Allies Hacked . | . . . . . Hacks Repelled . | . . . . . Allies | -11 -10 -10 -10 -9 -------- Run | Yrd Mat Min Exi Min Total Allies . | . . . . . Largest Group . | . . . . . Highest-Rated Group . | . . . . . Highest-Rated Ally . | . . . . . Total Orders . | . . . . . Ally Attacks . | . . . . . Total Damage . | . . . . . Kills . | . . . . . Allies Corrupted . | . . . . . Allies Melted . | . . . . . Intel | -11 -10 -10 -10 -9 ------- Run | Yrd Mat Min Exi Min Robot Analysis Total . | . . . . . Derelict Logs Recovered . | . . . . . Drone Launches . | . . . . . Drone Recoveries . | . . . . . Exploration | -11 -10 -10 -10 -9 ------------- Run | Yrd Mat Min Exi Min Turns Passed 1667 | 134 731 322 392 88 Spaces Moved 834 | 59 320 138 267 50 Core 2 | 2 . . . . Treads 367 | 57 310 . . . Legs 465 | . 10 138 267 50 Wheels . | . . . . . Hover . | . . . . . Flight . | . . . . . Fastest Speed 50 | 50 120 120 90 90 Average Speed 155 | 156 161 188 144 90 Slowest Speed 240 | 160 240 190 190 90 Overloaded Moves . | . . . . . Propulsion Burnouts . | . . . . . Robots Hopped . | . . . . . Cave-ins Triggered . | . . . . . Exploration Rate (%) 35 | 5 56 24 60 34 Regions Visited 4 Branch Regions 3 Pre-discovered Areas 1 | . . . 1 . Known Exits Taken . | . . . . . Unknown Exits Taken 4 | 1 1 1 1 . Scrap Searched . | . . . . . Spaces Dug 1 | . 1 . . . Terrain Destroyed 102 | . 37 28 . 37 Melee . | . . . . . Projectile 1 | . 1 . . . AOE 101 | . 36 28 . 37 Terrain Rammed . | . . . . . Walls Destroyed . | . . . . . Machines Disabled . | . . . . . Actions | -11 -10 -10 -10 -9 --------- Run | Yrd Mat Min Exi Min Total 1034 | 81 436 172 273 72 Wait 57 | 4 37 10 . 6 Move 830 | 58 319 137 266 50 Hop . | . . . . . Pick Up 13 | 4 8 1 . . Fast Attach 14 | 7 4 1 2 . Attach 6 | . . 2 . 4 Detach 3 | . 2 1 . . Swap 15 | . 11 3 1 . Drop 12 | . 7 1 4 . Fire 84 | 8 48 16 . 12 Melee . | . . . . . Ram . | . . . . . Kick . | . . . . . Crush . | . . . . . Escape Stasis . | . . . . . Rewire . | . . . . . Trap . | . . . . . Miscellaneous . | . . . . . Route ------- -11/Scrapyard -10/Materials (discovered 4 exits: [*Mat x3] / [*Min]) -10/Mines -10/Exiles -9/Mines History --------- Turn | Location | Event 28 | -11/Scrapyard | Discovered new exit (range 16) 135 | -11/Scrapyard | Entered Materials 262 | -10/Materials | Discovered new exit (range 11) 309 | -10/Materials | Discovered new exit (range 14) 312 | -10/Materials | Build established: Mutant 577 | -10/Materials | Discovered new exit (range 5) 630 | -10/Materials | Discovered new exit (range 19) 866 | -10/Materials | Entered Mines 1092 | -10/Mines | Received a Rocket Launcher from a helpful Derelict 1097 | -10/Mines | Core integrity fell below 50% 1180 | -10/Mines | Deemed a non-threat by the Exiles lab entrance 1180 | -10/Mines | Discovered new exit (range 5) 1188 | -10/Mines | Entered Exiles 1232 | -10/Exiles | Met 8R-AWN 1268 | -10/Exiles | Met EX-HEX 1342 | -10/Exiles | Met EX-DEC 1350 | -10/Exiles | Learned location of Zion (-6) 1380 | -10/Exiles | Met EX-BIN 1407 | -10/Exiles | Aligned with FarCom system 1409 | -10/Exiles | Given EX-Vault access code 1454 | -10/Exiles | Opened EX-Vault 1465 | -10/Exiles | Found Prototype Leg 1465 | -10/Exiles | Identified Potential Leg 1468 | -10/Exiles | Found Potential Leg 1492 | -10/Exiles | Warned to stay clear of 0b10 Research branches 1503 | -10/Exiles | Exiles lab attacked by MAIN.C 1571 | -10/Exiles | Discovered new exit (range 10) 1580 | -10/Exiles | Left Exiles lab with Potential Leg 1580 | -10/Exiles | Entered Mines 1591 | -9/Mines | Assembled infested the area 1625 | -9/Mines | Destroyed 10 combat bots 1642 | -9/Mines | Lost 4 parts (1p1u2w) 1663 | -9/Mines | Core integrity fell below 20% 1668 | -9/Mines | Destroyed by G-47 Trooper with Particle Gun Last Messages --------------- 01604_ as-49521 destroyed. 01604_ as-52044 destroyed. 01605_ The unstable cave ceiling collapses. 01606_ C-30 ARC bursts open, deploying its payload. 01606_ D-53 Grenadier unfolds itself. 01606_ U-05 Engineer destroyed. 01606_ as-07908 destroyed. 01606_ K-01 Serf collects debris. 01608_ Spread Laser destroyed. 01609_ The unstable cave ceiling collapses. 01609_ Propulsion Shielding destroyed. 01610_ Ion Engine destroyed. 01611_ Rocket Launcher destroyed. 01611_ System corrupted by crushing effect (+3). 01616_ as-70364 destroyed. 01644_ G-34 Mercenary destroyed. 01644_ Spread Laser destroyed. 01647_ Acquired 40 matter. 01656_ Lgt. Nuclear Core destroyed. 01658_ Critical hit (Burn: +37). Map ----- +----------------------------------------------------+ | ?????????????????????????????????????????? | | ?????????????????????????????????????????? | | ?????????????????????????????????????????? | | ?????????????????????????????????????????? | | ?????????????????????????????????????????? | | ?????????????????????????????????????????? | | ?????????????????????????????????????????? | | ?????????????????????????????????????????? | | ?????????????????????????????????????????? | | ?????????????????????????????????????????? | | ?????????????????????????????????????????? | | ?????????????????????????????????????????? | | ?????????????????????????????????????????? | | ?????????????????????????????????????????? | | ?????????????????????????????????????????? | | ?????????????????????????????????????????? | | ?????????????????????????????????????????? | | ?????????????????????????????????????????? | | ?????????????????####????????????????????? | | ????????????????## ##???????????????????? | | ????????????????# #???????????????????? | | ????????????????# ##??????????????????? | | ????###????????## ###????????????????? | | ???## #???????# ##???????????????? | | ??## #??????# ! ##??????????????? | | ??# #?????##@g ##?????????????? | | ??# #?????#* ##????????????? | | ??# ##???# # ????????????? | | ???# #### ## #???????????? | | ????# ## ### #???????????? | | ?????# ##?# #???????????? | | ????## #??# #???????????? | | ???## #??# #???????????? | | ???# ##?# #???????????? | | ??# ### ##??????????? | | ??# ##?????????? | | ??## #### ##????????? | | ???## #???## ##???????? | | ????# ?????# k ##??????? | | ????## ??????## #??????? | | ?????###????????#### ##?????? | | ???????????????????##### ##????? | | ????????????#####??????### # ### # | | ???????????## ##????????# | | ??????????## ##???##### % | | ???????#### #??## # | | ??????## #### | | ??????# ## | | ??????# %! | | ??????# ### # | +----------------------------------------------------+ Best States ------------- Heat Dissipation 35 Energy Generation 14 Energy Capacity 250 Matter Stores 289 Matter Capacity 300 Sight Range 16 Terrain Scan Range 16 Terrain Scan Density 10 Propulsion Shielding 33 Evasion (%) 57 Recoil Reduction 2 Item Schematics ----------------- Lrg. Storage Unit | -10/Materials | Hacked Robot Schematics ------------------ None Fabricated ------------ Nothing Alien Tech Used ----------------- None Achievements -------------- None Challenges ------------ None Game ------ Seed ShrapnelZioniteCapacitor Manual? 0 Play Time 00:18:09 Cumulative 97.0 hours Start 2024.05.11 @ 15:58:41 End 2024.05.11 @ 16:15:22 Sessions 1 Manual Loads 0 Difficulty Rogue Special Mode None Game No. 78 Rogue 39 Adventurer 32 Explorer 7 Win Type - Total 0 Types 0/0/0/0/0/0/0/0/0 Lore% 27 Gallery% 59 Achievement% 45 Wizard Run 0 Options --------- Layout 2 ASCII 0 Keyboard 0 Movement Numpad Keybinds 0 Fullscreen 0 Font 20/SmallcapsGlow Map View 64x51 Zoom Use 0% Tactical HUD 1 Map Filters NONE Filters NONE Steam SD RUN: f119eb22-eb18-4b37-b9b0-304d88ed4095